 Dungeon Crawl Stone Soup version 0.30-a0-632-g346586fe48 (webtiles) character file.

Game seed: 13734685205657364298

1619 themarg the Insei (level 8, -4/61 HPs)
             Began as a Gnoll Transmuter on Jan 14, 2023.
             Slain by an orc
             ... wielding a +0 falchion
              (8 damage)
             ... on level 6 of the Dungeon.
             The game lasted 00:11:03 (5131 turns).

themarg the Insei (Gnoll Transmuter)                Turns: 5131, Time: 00:11:04

Health: -4/61      AC:  2    Str: 10    XL:     8   Next: 96%
Magic:  17/17      EV: 23    Int: 20    God:
Gold:   273        SH:  0    Dex: 18    Spells: 13/19 levels left

rFire   . . .      SeeInvis .      - Unarmed
rCold   . . .      Faith    .    (shield currently unavailable)
rNeg    . . .      Spirit   .    (body armour currently unavailable)
rPois   x          Reflect  .    (helmet currently unavailable)
rElec   .          Harm     .    (cloak currently unavailable)
rCorr   .          Rampage  .    (gloves currently unavailable)
Will    .....                    (boots currently unavailable)
Stlth   +++                      (no amulet)
HPRegen 0.30/turn                p - +6 ring of intelligence
MPRegen 0.15/turn                (no ring)

@: spider-form (expiring), mesmerised, hasted, very quick
A: venomous fangs, tiny, (fangs 1), strong nose, distributed training,
(iridescent scales 1), (fire resistance 1)
a: End Transformation


You were on level 6 of the Dungeon.
You were a venomous arachnid creature.
You visited 1 branch of the dungeon, and saw 6 of its levels.

You collected 273 gold pieces.

Inventory:

Hand Weapons
 c - the +3 short sword of Antique Punishment {freeze, *Rage Str+4 SInv Stlth+}
   (You found it on level 2 of the Dungeon)

   Str:       It affects your strength (+4).
   SInv:      It lets you see invisible.
   *Rage:     It berserks you when you make melee attacks (+20% chance).
   Stlth:     It makes you more stealthy.
 r - the +10 morningstar "Adoajuox" {spect, *Slow rF++ Str+5}
   (You found it on level 3 of the Dungeon)

   Str:       It affects your strength (+5).
   rF:        It greatly protects you from fire.
   *Slow:     It may slow you when you take damage.
Missiles
 f - 32 stones
 h - 8 poisoned darts
 y - a throwing net
Armour
 a - a +0 robe (melded)
 e - a +0 cloak
 t - a +0 helmet (melded)
Jewellery
 p - a +6 ring of intelligence (left front pincers)
Scrolls
 g - a scroll of brand weapon
 i - 3 scrolls of blinking
 j - 2 scrolls of fog
 l - 3 scrolls of teleportation
 q - 2 scrolls of amnesia
 s - 2 scrolls of poison {unknown}
 x - a scroll of silence {unknown}
Potions
 b - 2 potions of lignification
 d - 5 potions of mutation
 m - a potion of brilliance
 o - 4 potions of curing
 u - 2 potions of might
 v - 2 potions of ambrosia
 w - a potion of berserk rage


   Skills:
 + Level 4.7 Fighting
 + Level 3.8 Short Blades
 + Level 3.8 Long Blades
 + Level 3.8 Axes
 + Level 3.8 Maces & Flails
 + Level 3.8 Polearms
 + Level 3.8 Staves
 + Level 3.8 Ranged Weapons
 + Level 3.8 Throwing
 + Level 3.8 Armour
 + Level 6.0 Dodging
 + Level 3.8 Stealth
 + Level 3.8 Shields
 + Level 7.7 Unarmed Combat
 + Level 6.4 Spellcasting
 + Level 3.1 Conjurations
 + Level 3.1 Hexes
 + Level 3.1 Summonings
 + Level 3.1 Necromancy
 + Level 3.1 Translocations
 + Level 5.0 Transmutations
 + Level 3.1 Fire Magic
 + Level 3.1 Ice Magic
 + Level 3.1 Air Magic
 + Level 3.1 Earth Magic
 + Level 3.1 Poison Magic
 + Level 4.2 Invocations
 + Level 3.8 Evocations


You had 13 spell levels left.
You knew the following spells:

 Your Spells              Type           Power      Damage    Failure   Level
a - Beastly Appendage     Tmut           52%        N/A       6%          1
b - Wereblood             Tmut           26%        N/A       8%          2
c - Spider Form           Tmut/Pois      22%        N/A       16%         3

Your spell library contained the following spells:

 Spells                   Type           Power      Damage    Failure   Level
 Ice Form                 Ice/Tmut       22%        N/A       38%         4
 Conjure Ball Lightning   Conj/Air       9%         3x3d6     99%         6
 Discord                  Hex            9%         N/A       100%        8
 Disjunction              Tloc           9%         N/A       100%        8


Dungeon Overview and Level Annotations

Branches:
Dungeon (6/15)
 Temple: D:4-7

Altars:
Hepliaklqana
Makhleb
Okawaru
Ru
Yredelemnul
Zin

Shops:
D:3 *   D:4 (

Annotations:
D:6 Maggie


Innate Abilities, Weirdness & Mutations

You are a venomous arachnid creature.
You have venomous fangs.
You are tiny and dextrous.
Your spellcasting is less reliable in this form.
Your armour is entirely melded.
You are incapable of wielding weapons or throwing items.
((You have very sharp teeth.))
Your uncanny sense of smell can sniff out nearby items.
Your experience applies equally to all skills.
((You are partially covered in iridescent scales. (AC +2)))
((Your flesh is heat resistant. (rF+)))


Message History

The orc wizard barely misses you.
You bite Maggie!
Maggie looks as sick as possible!
Maggie is heavily wounded.
Maggie hits you with a +0 broad axe!
The orc wizard hits you but does no damage.
You hit Maggie but do no damage.
Maggie looks as sick as possible!
Maggie is heavily wounded.
Maggie misses you. The orc wizard misses you.
You hit Maggie but do no damage.
Maggie looks as sick as possible!
Maggie is heavily wounded.
Maggie barely misses you. The orc wizard misses you.
You completely miss Maggie.
Maggie is heavily wounded.
You barely miss Maggie.
Maggie is heavily wounded.
Maggie casts a spell at you. The bolt of fire hits you!!
* * * LOW HITPOINT WARNING * * *
The orc wizard misses you. The orc hits you with a +0 war axe!
* * * LOW HITPOINT WARNING * * *
It was a potion of haste.
You feel yourself speed up. Maggie closely misses you.
The orc wizard misses you.
You hit Maggie.
Maggie looks as sick as possible!
Maggie is severely wounded.
Maggie barely misses you.
The orc wizard hits you but does no damage.
The orc misses you.
You hit Maggie but do no damage.
Maggie looks as sick as possible!
Maggie is severely wounded.
Maggie completely misses you. The orc misses you.
The orc wizard hits you but does no damage.
The orc misses you.
You hit Maggie but do no damage.
Maggie looks as sick as possible!
Maggie is severely wounded.
You bite the orc wizard!
The orc wizard is poisoned.
The orc wizard is severely wounded.
Maggie mumbles some strange words.
Maggie draws you further into her thrall.
The orc hits you with a +0 falchion!
You die...

#..##...#
##...############
###.# #.......#
#.####.......##.#
#....#...........
####............
##...........
#..oo....# .#
##.so....# .#
#..@....# .#
#.......# .#
#.......# .#
#.......# .#
######..##.#
##....# ####.# .#


You could see Maggie (mesmerising, extremely poisoned), an orc wizard (very
poisoned) and 2 orcs.

Vanquished Creatures
  Pikel (D:4)
  An ice beast (D:5)
  A black bear (D:4)
  3 ogres
  3 necrophages
  A scorpion (D:4)
  4 hounds (D:5)
  Jessica (D:2)
  2 iguanas
  Natasha (thrice) (D:2)
  Robin (D:4)
  A gnoll (D:6)
  6 adders (D:3)
  A shadow imp (D:5)
  2 worms
  3 dart slugs
  17 orcs
  6 ball pythons
  9 endoplasms
  15 goblins
  9 hobgoblins
  11 kobolds
  3 quokkas
  4 bats
  5 frilled lizards
  2 rats
115 creatures vanquished.

Vanquished Creatures (others)
  21 plants (D:6)
21 creatures vanquished.

Grand Total: 136 creatures vanquished

Notes
Turn   | Place    | Note
-------+----------+-------------------------------------------
     0 | D:1      | themarg the Gnoll Transmuter began the quest for the Orb.
     0 | D:1      | Reached XP level 1. HP: 17/17 MP: 6/6
   206 | D:1      | Reached XP level 2. HP: 21/23 MP: 5/7
   210 | D:1      | Learned a level 2 spell: Wereblood
   720 | D:1      | Reached skill level 5 in Spellcasting
   720 | D:1      | Reached XP level 3. HP: 28/28 MP: 6/9
   724 | D:1      | Learned a level 3 spell: Spider Form
   949 | D:2      | Noticed Jessica
   954 | D:2      | Killed Jessica
   955 | D:2      | Reached skill level 1 in Short Blades
   955 | D:2      | Reached skill level 1 in Long Blades
   955 | D:2      | Reached skill level 1 in Axes
   955 | D:2      | Reached skill level 1 in Maces & Flails
   955 | D:2      | Reached skill level 1 in Polearms
   955 | D:2      | Reached skill level 1 in Staves
   955 | D:2      | Reached skill level 1 in Ranged Weapons
   955 | D:2      | Reached skill level 1 in Throwing
   955 | D:2      | Reached skill level 1 in Armour
   955 | D:2      | Reached skill level 1 in Stealth
   955 | D:2      | Reached skill level 1 in Shields
   955 | D:2      | Reached skill level 1 in Invocations
   955 | D:2      | Reached skill level 1 in Evocations
   956 | D:2      | Gained mutation: Your flesh is heat resistant. (rF+)
                  | [potion of mutation]
   956 | D:2      | Gained mutation: Your spells are a little harder to cast,
                  | but a little more powerful. [potion of mutation]
   956 | D:2      | Lost mutation: Your spells are a little harder to cast, but
                  | a little more powerful. [potion of mutation]
   956 | D:2      | Gained mutation: You are partially covered in iridescent
                  | scales. (AC +2) [potion of mutation]
  1041 | D:2      | Noticed Natasha
  1050 | D:2      | Killed Natasha
  1051 | D:2      | Reached XP level 4. HP: 11/34 MP: 8/11
  1143 | D:2      | Identified the +3 short sword of Antique Punishment
                  | {freeze, *Rage Str+4 SInv Stlth+}
  1226 | D:2      | Reached skill level 1 in Conjurations
  1226 | D:2      | Reached skill level 1 in Hexes
  1226 | D:2      | Reached skill level 1 in Summonings
  1226 | D:2      | Reached skill level 1 in Necromancy
  1226 | D:2      | Reached skill level 1 in Translocations
  1226 | D:2      | Reached skill level 1 in Fire Magic
  1226 | D:2      | Reached skill level 1 in Ice Magic
  1226 | D:2      | Reached skill level 1 in Air Magic
  1226 | D:2      | Reached skill level 1 in Earth Magic
  1226 | D:2      | Reached skill level 1 in Poison Magic
  1664 | D:2      | Noticed Natasha
  1669 | D:2      | Killed Natasha
  1822 | D:2      | Noticed Natasha
  1829 | D:2      | Killed Natasha
  1830 | D:2      | Reached XP level 5. HP: 40/40 MP: 8/12
  1860 | D:3      | Found Zin's Purification Station.
  1863 | D:3      | Found a glowing silver altar of Zin.
  2057 | D:3      | Found a hazy altar of Hepliaklqana.
  2363 | D:3      | Identified the +10 morningstar "Adoajuox" {spect, *Slow
                  | rF++ Str+5}
  2576 | D:3      | Reached XP level 6. HP: 47/47 MP: 9/13
  2704 | D:3      | Found a burning altar of Makhleb.
  2704 | D:3      | Noticed a cacodemon
  3026 | D:4      | Reached skill level 5 in Dodging
  3218 | D:4      | Noticed Pikel
  3239 | D:4      | Reached skill level 7 in Unarmed Combat
  3239 | D:4      | Reached XP level 7. HP: 47/52 MP: 6/15
  3246 | D:4      | Killed Pikel
  3247 | D:4      | Reached XP level 8. HP: 41/60 MP: 7/16
  3335 | D:4      | Found a sacrificial altar of Ru.
  3395 | D:4      | Found Sexzoebem's Antique Weapon Boutique.
  3486 | D:4      | Noticed Robin
  3509 | D:4      | Killed Robin
  4039 | D:5      | Entered Level 5 of the Dungeon
  4626 | D:5      | Reached skill level 5 in Transmutations
  4941 | D:5      | Found an iron altar of Okawaru.
  4942 | D:5      | Found a basalt altar of Yredelemnul.
  5097 | D:6      | Noticed Maggie
  5126 | D:6      | HP: 3/61 [orc/+0 war axe (10)]
  5131 | D:6      | Slain by an orc

Illustrated notes

Levels and vault maps discovered:
D:1:      mrwooster_arrival_statue, layout_loops_corners
D:2:      layout_basic, uniq_jessica, uniq_natasha
D:3:      minmay_octagon_keep, layout_basic, general_overflow_altar, zin_purify,
          makhleb_altar_promises_db, dk_noncrumbling_2, hex_medium
D:4:      layout_loops_ring, nicolae_ru_sacrificial_ziggurat, serial_shops,
          nicolae_shop_behind_doors, uniq_pikel, uniq_robin
D:5:      layout_basic, gammafunk_temple_overflow_pools, serial_glass,
          glass_columns_c, glass_columns_a
D:6:      layout_basic, nicolae_grassy_gnolls, uniq_maggie, uniq_eustachio

Skill      XL: |  1  2  3  4  5  6  7  8 |
---------------+-------------------------+-----
Spellcasting   | 5 6 |  6.4
Short Blades   | 1 2 3 |  3.8
Long Blades    | 1 2 3 |  3.8
Axes           | 1 2 3 |  3.8
Maces & Flails | 1 2 3 |  3.8
Polearms       | 1 2 3 |  3.8
Staves         | 1 2 3 |  3.8
Ranged Weapons | 1 2 3 |  3.8
Throwing       | 1 2 3 |  3.8
Armour         | 1 2 3 |  3.8
Stealth        | 1 2 3 |  3.8
Shields        | 1 2 3 |  3.8
Invocations    | 1 2 3 4 |  4.2
Evocations     | 1 2 3 |  3.8
Conjurations   | 1 2 3 |  3.1
Hexes          | 1 2 3 |  3.1
Summonings     | 1 2 3 |  3.1
Necromancy     | 1 2 3 |  3.1
Translocations | 1 2 3 |  3.1
Fire Magic     | 1 2 3 |  3.1
Ice Magic      | 1 2 3 |  3.1
Air Magic      | 1 2 3 |  3.1
Earth Magic    | 1 2 3 |  3.1
Poison Magic   | 1 2 3 |  3.1
Fighting       | 3 4 |  4.7
Transmutations | 4 5 |  5.0
Dodging        | 5 6 |  6.0
Unarmed Combat | 7 |  7.7

Action                   |  1- 3 |  4- 6 |  7- 9 || total
-------------------------+-------+-------+-------++-------
Melee: Unarmed           |    43 |   117 |   123 ||   283
       Kick              |     9 |       |       ||     9
       Bite              |     4 |       |       ||     4
       Headbutt          |     3 |       |       ||     3
       Punch             |     2 |       |       ||     2
 Cast: Beastly Appendage |    15 |       |       ||    15
       Spider Form       |     2 |    29 |    17 ||    48
       Wereblood         |       |     3 |     3 ||     6
Evoke: Wand              |       |       |     3 ||     3
  Use: Potion            |     4 |       |     1 ||     5
       Scroll            |       |       |     9 ||     9
 Stab: Sleeping          |     1 |     2 |     3 ||     6
Armor: Robe              |     2 |     3 |       ||     5
       Skin              |     1 |     3 |     9 ||    13
Dodge: Dodged            |    29 |    85 |   105 ||   219

Table legend: (Time is in decaauts)
 A = Elapsed time spent in this place.
 B = Non-inter-level travel time spent in this place.
 C = Inter-level travel time spent in this place.
 D = Time resting spent in this place.
 E = Time spent auto-exploring this place.
 F = Levels seen in this place.
 G = Mean time per level.
                   A        B        C        D        E       F      G
               +--------+--------+--------+--------+--------+-----+--------+
         Total |   5108 |   4921 |    187 |      5 |   4153 |   6 |  851.3 |
       Dungeon |   5108 |   4921 |    187 |      5 |   4153 |   6 |  851.3 |
               +--------+--------+--------+--------+--------+-----+--------+

Top non-repeatable levels by time:
     D:4: 1099 daAuts
     D:3: 1074 daAuts
     D:5: 945 daAuts
     D:1: 944 daAuts
     D:2: 909 daAuts
     D:6: 135 daAuts
